Map: Ulrena

Players

MrFriDGE

  • Race: Protoss Protoss

Miszu - Winner!

  • Race: Terran Terran
  • League: Grandmaster

VOD

Have the link to the VOD?

Description

Time

  • Played on: May 20, 2016, 10:59 a.m.
  • Length: 3:22
Show
View Real Time Build Order
Export as new Build Order

MrFriDGE Protoss 

Build Orders:  

Get SALT Encoding   

  12  0:01  Probe (Chrono Boost)  
  13  0:18  Pylon  
  13  0:19  Probe (Chrono Boost)  
  14  0:37  Gateway  
  14  0:40  Probe (Chrono Boost)  
  14  0:41  Assimilator  
  15  0:51  Probe (Chrono Boost)  
  16  1:02  Probe (Chrono Boost)  
  17  1:09  Forge  
  17  1:13  Probe (Chrono Boost)  
  18  1:24  Probe (Chrono Boost)  
  19  1:26  Cybernetics Core  
  19  1:28  Pylon  
  19  1:39  Probe (Chrono Boost)  
  20  1:47  Photon Cannon  
  19  1:54  Photon Cannon  
  19  2:07  Zealot (Chrono Boost)  
  21  2:29  Photon Cannon  
  21  2:34  Zealot  
  21  2:35  Photon Cannon  
  23  2:38  Probe  
Show
View Real Time Build Order
Export as new Build Order

Miszu Terran - Winner!

Build Orders:  

Get SALT Encoding   

  12  0:00  SCV  
  13  0:12  SCV  
  14  0:19  Supply Depot  
  14  0:25  SCV  
  15  0:40  SCV  
  16  0:43  Barracks  
  16  0:53  Barracks  
  16  1:06  Barracks  
  16  1:30  Marine  
  16  1:31  Barracks  
  17  1:40  Marine  
  17  1:42  Supply Depot  
  18  1:48  Marine  
  18  1:53  Marine  
  20  1:58  Marine  
  21  2:05  Marine  
  22  2:11  Marine  
  23  2:16  Marine  
  23  2:19  Marine  
  23  2:23  Marine  
  23  2:29  Marine  
  25  2:33  Marine  
  26  2:37  Marine  
  26  2:41  Marine  
Tags
 
Add a new tag
Caveats
  • Supply blocks, unpowered buildings, or Contaminate may cause inaccurate times.
  • Supply counts are checked every 10 seconds.